Map: Overgrowth LE (Void)

Players

ViruS

  • Race: Zerg Zerg
  • League: Master
  • Spawn Location: 7:00

Chris - Winner!

  • Race: Protoss Protoss
  • League: Master
  • Spawn Location: 1:00

VOD

Have the link to the VOD?

Description

Time

  • Played on: Nov. 24, 2016, 9:22 p.m.
  • Length: 13:09
Show
View Real Time Build Order
Export as new Build Order

ViruS Zerg 

Build Orders: Pool First 

Get SALT Encoding   

  12  0:00  Drone  
  13  0:08  Drone  
  14  0:18  Overlord  
  14  0:37  Drone x3  
  17  0:54  Drone  
  18  0:59  Drone  
  18  1:01  Spawning Pool  
  18  1:02  Extractor  
  17  1:10  Drone  
  18  1:24  Hatchery  
  17  1:29  Drone  
  17  1:32  Drone  
  19  1:42  Overlord  
  19  1:49  Queen  
  21  1:54  Zergling x2  
  22  2:10  Zergling x2, Metabolic Boost  
  22  2:15  Zergling x2  
  24  2:36  Queen  
  26  2:39  Drone x3  
  29  2:44  Baneling Nest  
  29  2:49  Drone x2  
  30  2:51  Pneumatized Carapace  
  30  2:59  Drone  
  30  3:03  Drone  
  32  3:08  Hatchery, Drone x2  
  33  3:15  Queen  
  35  3:21  Overlord  
  35  3:33  Spore Crawler  
  34  3:34  Spore Crawler  
  34  3:36  Drone  
  34  3:39  Overlord  
  34  3:41  Drone  
  34  3:42  Drone x2  
  34  3:45  Drone x2  
  39  3:48  Drone  
  40  3:58  Drone  
  40  3:59  Drone x3  
  44  4:04  Lair  
  44  4:08  Zergling x4  
  46  4:19  Drone x2  
  46  4:21  Queen, Extractor  
  49  4:26  Drone x3  
  49  4:27  Drone x3  
  55  4:34  Drone x3  
  58  4:40  Evolution Chamber  
  58  4:41  Evolution Chamber  
  58  4:42  Extractor  
  50  4:55  Spore Crawler  
  48  5:01  Drone  
  48  5:02  Drone x8  
  48  5:04  Extractor  
  56  5:08  Hydralisk Den, Overlord x2  
  56  5:11  Overlord  
  55  5:22  Zerg Missile Weapons Level 1  
  55  5:23  Zerg Ground Armor Level 1  
  55  5:26  Overlord  
  55  5:31  Overlord  
  55  5:36  Drone x4  
  58  5:52  Hydralisk x3  
  58  5:53  Hydralisk  
  58  5:55  Drone  
  67  5:57  Drone  
  67  6:00  Drone x2  
  67  6:04  Overlord  
  70  6:12  Spore Crawler  
  70  6:13  Hydralisk  
  70  6:14  Hydralisk  
  73  6:25  Drone x8  
  81  6:38  Overlord x3  
  81  6:51  Overlord, Unknown  
  81  6:57  Drone x8  
  81  6:58  Hatchery  
  81  7:00  Extractor  
  87  7:01  Hydralisk  
  87  7:02  Extractor  
  88  7:10  Hydralisk  
  88  7:11  Hydralisk x3  
  96  7:22  Zerg Ground Armor Level 2, Zerg Missile Weapons Level 2  
  96  7:23  Hydralisk  
  98  7:30  Baneling Nest  
  98  7:33  Overseer  
  98  7:34  Overseer  
  98  7:36  Hydralisk x3  
  103  7:43  Hydralisk  
  103  7:44  Hydralisk x2  
  103  7:50  Hydralisk x2  
  113  7:56  Overlord  
  113  7:57  Overlord  
  113  8:02  Unknown  
  113  8:09  Hydralisk  
  113  8:10  Hydralisk x2  
  113  8:12  Overlord x2  
  119  8:13  Overlord  
  118  8:23  Hydralisk x6  
  119  8:37  Overlord x2  
  119  8:38  Zergling x16  
  119  8:39  Zergling x2  
  126  8:49  Centrifical Hooks  
  126  8:52  Hydralisk x2  
  126  8:53  Infestation Pit, Hydralisk  
  130  9:03  Hydralisk x4  
  136  9:11  Hydralisk x3  
  136  9:15  Zergling x4  
  118  9:23  Hydralisk  
  118  9:24  Hydralisk x3  
  104  9:29  Spire  
  104  9:31  Hydralisk  
  110  9:37  Hydralisk  
  110  9:38  Hydralisk x2  
  114  9:41  Hydralisk  
  120  9:47  Hydralisk x2  
  120  9:48  Hydralisk  
  126  10:04  Hydralisk  
  126  10:05  Hydralisk x5  
  132  10:07  Overlord x2  
  132  10:11  Hydralisk x2  
  135  10:17  Hydralisk x2  
  139  10:24  Hydralisk x3  
  145  10:33  Hydralisk  
  145  10:34  Hydralisk x2  
  148  10:40  Hydralisk  
  148  10:41  Hydralisk  
  136  10:43  Zergling x10  
  137  10:53  Hydralisk x4  
  142  10:57  Hydralisk  
  142  10:58  Hydralisk  
  142  11:01  Zergling x4  
  148  11:07  Baneling x3  
  148  11:08  Baneling  
  148  11:09  Baneling x2  
  148  11:10  Baneling  
  148  11:11  Zergling x2  
  148  11:12  Zergling x10  
  154  11:24  Hydralisk  
  154  11:25  Hydralisk x4  
  156  11:31  Baneling x4  
  156  11:32  Baneling  
  164  11:38  Hydralisk x2  
  168  11:40  Zergling x2  
  168  11:41  Zergling x8  
  168  11:44  Baneling x4  
  168  11:46  Drone x3, Extractor  
  175  11:47  Extractor  
  174  12:00  Hydralisk  
  174  12:01  Hydralisk x4  
  174  12:03  Baneling  
  174  12:04  Baneling  
  174  12:06  Baneling x2  
  182  12:15  Hydralisk  
  178  12:30  Hydralisk  
  178  12:31  Hydralisk x2  
  175  12:52  Baneling x2  
Show
View Real Time Build Order
Export as new Build Order

Chris Protoss - Winner!

Build Orders: 1 Gate Expand, Oracle Opening 

Get SALT Encoding   

  12  0:01  Probe (Chrono Boost)  
  13  0:11  Probe (Chrono Boost)  
  14  0:19  Pylon  
  14  0:22  Probe (Chrono Boost)  
  15  0:37  Probe (Chrono Boost)  
  15  0:40  Gateway  
  16  0:44  Assimilator  
  16  0:48  Probe (Chrono Boost)  
  17  0:58  Probe (Chrono Boost)  
  18  1:06  Pylon  
  18  1:09  Probe (Chrono Boost)  
  19  1:24  Nexus  
  19  1:27  Probe (Chrono Boost)  
  20  1:38  Cybernetics Core  
  20  1:40  Probe (Chrono Boost)  
  20  1:47  Assimilator  
  21  1:51  Probe (Chrono Boost)  
  22  1:58  Pylon  
  22  2:01  Probe (Chrono Boost)  
  23  2:13  Adept  
  23  2:17  Warp Gate  
  23  2:18  Probe (Chrono Boost)  
  27  2:30  Probe (Chrono Boost)  
  27  2:35  Stargate  
  27  2:38  Adept, Probe (Chrono Boost)  
  27  2:42  Probe (Chrono Boost)  
  31  2:48  Probe (Chrono Boost)  
  32  2:54  Probe (Chrono Boost)  
  33  2:59  Probe (Chrono Boost)  
  33  3:05  Probe (Chrono Boost)  
  35  3:09  Probe (Chrono Boost)  
  36  3:13  Gateway  
  36  3:14  Oracle  
  36  3:15  Gateway  
  36  3:16  Probe (Chrono Boost)  
  40  3:22  Probe (Chrono Boost)  
  40  3:25  Pylon  
  41  3:27  Probe (Chrono Boost)  
  44  3:36  Mothership Core (Chrono Boost)  
  44  3:38  Probe (Chrono Boost)  
  45  3:45  Oracle  
  45  3:49  Probe (Chrono Boost)  
  49  3:58  Nexus  
  49  4:01  Pylon  
  49  4:03  Pylon  
  49  4:06  Probe x2 (Chrono Boost)  
  52  4:17  Probe (Chrono Boost)  
  52  4:18  Void Ray  
  52  4:19  Probe (Chrono Boost)  
  57  4:26  Assimilator  
  57  4:27  Probe (Chrono Boost)  
  57  4:30  Assimilator  
  57  4:31  Probe (Chrono Boost)  
  59  4:35  Pylon  
  59  4:38  Probe (Chrono Boost)  
  60  4:43  Probe (Chrono Boost)  
  61  4:48  Probe (Chrono Boost)  
  63  5:01  Probe (Chrono Boost)  
  63  5:02  Adept, Probe (Chrono Boost)  
  63  5:03  Adept x2  
  70  5:11  Pylon  
  70  5:13  Probe x2 (Chrono Boost)  
  72  5:20  Fleet Beacon  
  72  5:23  Probe (Chrono Boost)  
  72  5:24  Probe (Chrono Boost)  
  72  5:25  Probe (Chrono Boost)  
  72  5:26  Stargate  
  75  5:34  Probe (Chrono Boost)  
  75  5:35  Probe (Chrono Boost)  
  77  5:37  Probe (Chrono Boost)  
  77  5:41  Forge  
  78  5:44  Probe (Chrono Boost)  
  78  5:45  Probe (Chrono Boost)  
  81  5:50  Probe (Chrono Boost)  
  81  5:53  Assimilator  
  81  5:54  Adept x3  
  81  5:55  Probe (Chrono Boost)  
  81  5:56  Probe (Chrono Boost)  
  89  5:57  Assimilator, Carrier  
  89  6:02  Probe (Chrono Boost)  
  89  6:03  Pylon  
  90  6:05  Probe (Chrono Boost)  
  90  6:06  Probe (Chrono Boost)  
  98  6:14  Probe (Chrono Boost)  
  98  6:18  Photon Cannon  
  99  6:19  Probe (Chrono Boost)  
  99  6:20  Gateway x2  
  99  6:22  Probe (Chrono Boost)  
  101  6:26  Carrier  
  101  6:28  Adept  
  109  6:42  Pylon  
  109  6:43  Pylon  
  109  6:46  Pylon  
  109  6:47  Pylon  
  109  6:56  Protoss Shields Level 1  
  110  7:01  Gateway  
  110  7:02  Gateway, Probe (Chrono Boost)  
  110  7:04  Gateway  
  110  7:05  Graviton Catapult  
  110  7:07  Gateway  
  110  7:12  Carrier  
  110  7:13  Adept x2  
  110  7:14  Adept  
  122  7:44  Stargate  
  122  7:45  Stargate  
  122  7:52  Carrier  
  122  7:58  Pylon  
  128  8:01  Pylon  
  128  8:26  Carrier  
  110  8:34  Adept x7  
  110  8:35  Adept x2  
  128  8:44  Protoss Air Weapons Level 1  
  128  8:46  Carrier  
  134  8:53  Mothership Core (Chrono Boost)  
  136  8:55  Adept  
  136  8:56  Adept x6  
  150  9:11  Probe (Chrono Boost)  
  150  9:16  Carrier  
  125  9:17  Carrier  
  133  9:33  Twilight Council  
  133  9:35  Adept x9  
  151  9:42  Nexus  
  151  9:44  Pylon x2  
  151  10:04  Void Ray  
  151  10:08  Photon Cannon x2  
  151  10:09  Photon Cannon  
  151  10:12  Void Ray  
  151  10:13  Resonating Glaives  
  159  10:20  Templar Archives, Adept x6  
  171  10:21  Adept  
  171  10:28  Adept x2  
  171  10:47  Probe (Chrono Boost)  
  172  10:52  Void Ray  
  164  10:58  Void Ray x2  
  176  11:16  Assimilator  
  176  11:17  Pylon  
  176  11:19  Assimilator  
  176  11:23  Pylon, Probe (Chrono Boost)  
  183  11:35  Adept x6  
  195  12:07  Photon Cannon  
  195  12:09  Photon Cannon  
  195  12:11  Photon Cannon  
  195  12:14  Photon Cannon  
  195  12:15  Photon Cannon, Void Ray  
  197  12:52  High Templar  
Tags
 
Add a new tag
Caveats
  • Supply blocks, unpowered buildings, or Contaminate may cause inaccurate times.
  • Supply counts are checked every 10 seconds.